 Dungeon Crawl Stone Soup version 0.26.0-45-g9c1d065592 (webtiles) character file.

Game seed: 17387116959978537153

78 kaeus the Stinger (level 4, -6/24 HPs)
             Began as a Gargoyle Venom Mage on Jan 30, 2021.
             Mangled by a gnoll
             ... wielding a +0 spear
              (9 damage)
             ... on level 2 of the Dungeon.
             The game lasted 00:02:08 (2131 turns).

kaeus the Stinger (Gargoyle Venom Mage)             Turns: 2131, Time: 00:02:09

Health: -6/24      AC:  6    Str: 11    XL:     4   Next: 36%
Magic:  3/8        EV: 12    Int: 17    God:
Gold:   51         SH:  0    Dex: 10    Spells: 7/8 levels left

rFire    . . .     SeeInvis .   b - +0 dagger
rCold    . . .     Faith    .   (no shield)
rNeg     + . .     Spirit   .   a - +0 robe
rPois    ∞         Reflect  .   (no helmet)
rElec    +         Harm     .   (no cloak)
rCorr    .         Rampage  .   k - +0 pair of gloves
Will     .....                  (no boots)
Stlth    ++........             (no amulet)
HPRegen  0.08/turn              (no ring)
MPRegen  0.11/turn              (no ring)

@: no status effects
A: negative energy resistance 1, electricity resistance, unbreathing,
petrification resistance, miasma immunity, AC +3
a: no special abilities


You were on level 2 of the Dungeon.
You visited 1 branch of the dungeon, and saw 3 of its levels.

You collected 51 gold pieces.

Inventory:

Hand Weapons
 b - a +0 dagger (weapon)
Armour
 a - a +0 robe (worn)
 k - a +0 pair of gloves (worn)
Scrolls
 c - a scroll of remove curse
 d - 2 scrolls of enchant armour {unknown}
 e - 2 scrolls of blinking {unknown}
 f - 2 scrolls of amnesia {unknown}
 h - a scroll of enchant weapon {unknown}
 j - a scroll of fog {unknown}
Potions
 g - a potion of cancellation {unknown}
 i - 2 potions of might {unknown}
 l - a potion of brilliance {unknown}
 m - a potion of attraction {unknown}


   Skills:
 - Level 1.5 Dodging
 + Level 3.1 Stealth
 + Level 2.7 Spellcasting
 + Level 1.6 Transmutations
 + Level 3.6 Poison Magic


You had 7 spell levels left.
You knew the following spells:

 Your Spells              Type           Power        Failure   Level
a - Sting                 Tmut/Pois      44%          6%          1

Your spell library contained the following spells:

 Spells                   Type           Power        Failure   Level
 Poisonous Vapours        Pois/Air       16%          13%         2
 Ignite Poison            Fire/Tmut/Pois 8%           26%         3
 Mephitic Cloud           Conj/Pois/Air  6%           32%         3
 Olgreb's Toxic Radiance  Pois           14%          38%         4


Dungeon Overview and Level Annotations

Branches:
Dungeon (3/15)

Altars:
Nemelex Xobeh


Innate Abilities, Weirdness & Mutations

You are resistant to torment.
Your stone body is resilient. (AC +3)
You are immune to poison.
You resist negative energy. (rN+)
You are resistant to electric shocks. (rElec)
You can survive without breathing.
You are immune to petrification.
You are immune to miasma.


Message History

Casting: Sting (safe; 6% risk of failure)
Confirm with . or Enter, or press ? or * to list all spells.
Aiming: Sting (safe; 6% risk of failure)
Press: ? - help, Shift-Dir - straight line, f/p - gnoll
Aim: a gnoll, wielding a +0 spear (lightly wounded, poisoned, 25% to evade)
The sting hits the gnoll.
The gnoll looks even sicker.
The gnoll is lightly wounded.
The gnoll closely misses you. The gnoll barely misses you.
You now have 3/8 mp.
The gnoll hits you with a +0 spear.
* * * LOW HITPOINT WARNING * * *
The gnoll closely misses you.
You take 2 damage, and have 3/24 hp.
You hit the gnoll.
The gnoll is moderately wounded.
The gnoll misses you. The gnoll hits you but does no damage.
You hit the gnoll.
The gnoll is severely wounded.
The gnoll hits you with a +0 spear!
You die...

#.# #.#........#...#
..##.#^##.#.###...# #
#.#.#.##.#.......###
#.##..#............#.#
#.....†.............#.#
####..#......###...###.#
#.#.#......###..## ##.
.. #..>.......#†..###.#
# ##.@.......†..#.#.##
##gg.......#.###.##
#.......##.#.# #.#
#.#........#.# #.#
#............# #.#
##............ ..#
#.#...####### ###
#...### #..##


You could see 2 gnolls.

Vanquished Creatures
  2 gnolls
  2 oozes (D:2)
  2 dart slugs
  2 leopard geckos
  An orc (D:2)
  6 bats
  4 giant cockroaches
  7 hobgoblins
  2 quokkas (D:2)
  4 frilled lizards (D:1)
  3 goblins
  4 kobolds
  3 rats
42 creatures vanquished.

Notes
Turn   | Place    | Note
-------+----------+-------------------------------------------
     0 | D:1      | kaeus the Gargoyle Venom Mage began the quest for the Orb.
     0 | D:1      | Reached XP level 1. HP: 10/10 MP: 3/3
   312 | D:1      | Reached skill level 1 in Transmutations
   330 | D:1      | Reached XP level 2. HP: 15/15 MP: 1/5
   800 | D:1      | Reached XP level 3. HP: 19/19 MP: 4/6
  1447 | D:2      | Found a sparkling altar of Nemelex Xobeh.
  1984 | D:2      | Reached XP level 4. HP: 24/24 MP: 5/7
  2131 | D:2      | Mangled by a gnoll

Illustrated notes

Levels and vault maps discovered:
D:1:      psy_arrival_dodecagon, layout_loops_ring, minmay_misc_feat_nine_boxes,
          minmay_pentomino_z4
D:2:      layout_loops_ring, nemelex_dance_club_becter
D:3:      layout_basic, lemuel_coloured_pillars_altar, old_standard_altar,
          kennysheep_nondescript

Skill      XL: |  1  2  3 |
---------------+----------+-----
Transmutations | 1 |  1.6
Stealth        | 3 |  3.1
Dodging        | |  1.5
Spellcasting   | |  2.7
Poison Magic   | |  3.6

Action                   |  1- 3 |  4- 6 || total
-------------------------+-------+-------++-------
Melee: Unarmed           |    11 |       ||    11
       Dagger            |    96 |     3 ||    99
 Cast: Sting             |    46 |    11 ||    57
  Use: Scroll            |     1 |       ||     1
Armor: Robe              |    28 |     2 ||    30
Dodge: Dodged            |    64 |     8 ||    72
